 Seeded DCSS version 0.29-a0-830-gcb1280458a (webtiles) character file.

Game seed: 2856915604255414747 (custom seed)

69 wilfster70 the Digger (level 4, -3/24 HPs)
             Began as a Gargoyle Earth Elementalist on July 11, 2022.
             Slain by Natasha (7 damage)
             ... on level 2 of the Dungeon.
             The game lasted 00:02:46 (1016 turns).

wilfster70 the Digger (Gargoyle Earth Elementalist) Turns: 1016, Time: 00:02:46

Health: -3/24      AC:  5    Str: 11    XL:     4   Next: 20%
Magic:  3/8        EV: 11    Int: 18    God:
Gold:   81         SH:  0    Dex: 10    Spells: 7/8 levels left

rFire   . . .      SeeInvis .   a - +2 short sword (venom)
rCold   . . .      Faith    .   (no shield)
rNeg    + . .      Spirit   .   c - +0 robe
rPois   ∞          Reflect  .   (no helmet)
rElec   +          Harm     .   (no cloak)
rCorr   .          Rampage  .   (no gloves)
Will    .....                   (no boots)
Stlth   ++........              (no amulet)
HPRegen 0.08/turn               (no ring)
MPRegen 0.11/turn               (no ring)

@: very slightly contaminated
A: sickness immunity, AC +3, negative energy resistance 1, electricity
resistance, torment resistance 1, petrification resistance
a: no special abilities


You were on level 2 of the Dungeon.
You visited 1 branch of the dungeon, and saw 2 of its levels.

You collected 81 gold pieces.

Inventory:

Hand Weapons
 a - a +2 short sword of venom (weapon)
Missiles
 e - 2 javelins
Armour
 c - a +0 robe (worn)
Wands
 g - a wand of digging (1)
Potions
 b - a potion of magic
 d - a potion of haste
 f - a potion of cancellation


   Skills:
 - Level 1.5 Dodging
 - Level 2.1 Stealth
 + Level 2.7 Spellcasting
 - Level 0.7 Transmutations
 * Level 5.3 Earth Magic


You had 7 spell levels left.
You knew the following spells:

 Your Spells              Type           Power      Damage    Failure   Level
a - Sandblast             Erth           42%        2d11      1%          1

Your spell library contained the following spells:

 Spells                   Type           Power      Damage    Failure   Level
 Passwall                 Tmut/Erth      10%        N/A       8%          2
 Stone Arrow              Conj/Erth      24%        3d8       17%         3
 Static Discharge         Conj/Air       2%         3-4/arc   26%         2
 Petrify                  Tmut/Erth      13%        N/A       43%         4
 Lightning Bolt           Conj/Air       1%         1d12      99%         5
 Maxwell's Capacitive Co  Air            1%         ∞         100%        8


Dungeon Overview and Level Annotations

Branches:
Dungeon (2/15)

Altars:

Annotations:
D:2 Natasha


Innate Abilities, Weirdness & Mutations

You are immune to sickness and miasma.
Your stone body is resilient. (AC +3)
You are immune to poison.
You resist negative energy. (rN+)
You are resistant to electric shocks. (rElec)
You are resistant to unholy torment.
You are immune to petrification.


Message History

Confirm with . or Enter, or press ? or * to list all spells.
Aiming: Sandblast (safe; 1% risk of failure)
Press: ? - help, Shift-Dir - straight line, f - Natasha
Aim: Natasha (wandering, hasn't noticed you, 76% to hit)
The blast of sand hits Natasha!
Natasha is heavily wounded.
Natasha hisses angrily.
Natasha casts a spell at you. The magic dart hits you.
Casting: Sandblast (safe; 1% risk of failure)
Confirm with . or Enter, or press ? or * to list all spells.
Aiming: Sandblast (safe; 1% risk of failure)
Press: ? - help, Shift-Dir - straight line, f/p - Natasha
Aim: Natasha (heavily wounded, 76% to hit)
The blast of sand hits Natasha.
Natasha is severely wounded.
Natasha casts a spell.
Natasha misses you.
Casting: Sandblast (safe; 1% risk of failure)
Confirm with . or Enter, or press ? or * to list all spells.
Aiming: Sandblast (safe; 1% risk of failure)
Press: ? - help, Shift-Dir - straight line, f/p - Natasha
Aim: Natasha (severely wounded, 76% to hit)
The blast of sand hits Natasha but does no damage.
Natasha is severely wounded.
Natasha claws you! The iron imp hits you!
* * * LOW HITPOINT WARNING * * *
Natasha mumbles some strange words.
Casting: Sandblast (safe; 1% risk of failure)
Confirm with . or Enter, or press ? or * to list all spells.
Aiming: Sandblast (safe; 1% risk of failure)
Press: ? - help, Shift-Dir - straight line, f/p - Natasha
Aim: Natasha (severely wounded, 76% to hit)
You miscast Sandblast.
You are very lightly contaminated with residual magic.
Nothing appears to happen.
The iron imp barely misses you. Natasha claws you but does no damage.
The iron imp hits you but does no damage.
Natasha claws you!
You die...

# #. #.#. #.#.######
.<...... .
###..[..####..
#....h5.......
#.#..@[#.##..
#.#..5.....#
#.###....#.# #####
######.###......#
....#
#....#.#........#
###.#
#.##.#.#........# #.#
#.#..#.....).####. #.#
#.##.#............
#.#.#...........#####.


You could see an iron imp (summoned), Natasha and a crimson imp (summoned).

Vanquished Creatures
  Jessica (D:2)
  A gnoll (D:1)
  2 dart slugs (D:1)
  2 bats (D:1)
  3 endoplasms (D:1)
  A giant cockroach (D:1)
  4 goblins
  3 hobgoblins
  4 kobolds
  4 quokkas (D:1)
  A ball python (D:1)
  A frilled lizard (D:1)
27 creatures vanquished.

Notes
Turn   | Place    | Note
-------+----------+-------------------------------------------
     0 | D:1      | wilfster70 the Gargoyle Earth Elementalist began the quest
                  | for the Orb.
     0 | D:1      | Reached XP level 1. HP: 10/10 MP: 3/3
    35 | D:1      | Reached skill level 4 in Earth Magic
   163 | D:1      | Reached XP level 2. HP: 15/15 MP: 3/5
   435 | D:1      | Found a faded altar of an unknown god.
   506 | D:1      | Reached XP level 3. HP: 18/19 MP: 3/6
   963 | D:2      | Noticed Jessica
   991 | D:2      | Killed Jessica
   992 | D:2      | Reached skill level 5 in Earth Magic
   992 | D:2      | Reached XP level 4. HP: 24/24 MP: 5/8
  1009 | D:2      | Noticed Natasha
  1016 | D:2      | Slain by Natasha

Illustrated notes

Levels and vault maps discovered:
D:1:      mrwooster_arrival_statue_2, layout_loops_ring,
          hellmonk_ecumenical_altar_leap_of_faith, minivault_4
D:2:      layout_basic, uniq_sigmund, uniq_natasha, uniq_jessica

Skill      XL: |  1  2  3 |
---------------+----------+-----
Earth Magic    | 4 5 |  5.3
Dodging        | |  1.5
Stealth        | |  2.1
Spellcasting   | |  2.7
Transmutations | |  0.7

Action                   |  1- 3 |  4- 6 || total
-------------------------+-------+-------++-------
Melee: Unarmed           |     1 |       ||     1
       Short sword       |     2 |       ||     2
 Cast: Sandblast         |    31 |     4 ||    35
  Use: Scroll            |     4 |       ||     4
Armor: Robe              |    13 |     2 ||    15
Dodge: Dodged            |    17 |     2 ||    19

Table legend: (Time is in decaauts)
 A = Elapsed time spent in this place.
 B = Non-inter-level travel time spent in this place.
 C = Inter-level travel time spent in this place.
 D = Time resting spent in this place.
 E = Time spent auto-exploring this place.
 F = Levels seen in this place.
 G = Mean time per level.
                   A        B        C        D        E       F      G
               +--------+--------+--------+--------+--------+-----+--------+
         Total |   1051 |   1032 |     19 |    166 |    490 |   2 |  525.5 |
       Dungeon |   1051 |   1032 |     19 |    166 |    490 |   2 |  525.5 |
               +--------+--------+--------+--------+--------+-----+--------+

Top non-repeatable levels by time:
     D:1: 933 daAuts
     D:2: 117 daAuts
